 Dungeon Crawl Stone Soup version 0.29-a0-770-g2e8140cf71 (console) character file.

Game seed: 10929542258259183359

4811 Banquo the Cleaver (level 10, -5/65 HPs)
             Began as an Octopode Fighter on June 30, 2022.
             Was an Elder of Okawaru.
             Slain by Erica
             ... wielding a +1 scimitar of flaming
              (14 damage)
             ... on level 8 of the Dungeon on July 1, 2022.
             The game lasted 00:29:38 (10446 turns).

Banquo the Cleaver (Octopode Fighter)              Turns: 10446, Time: 00:29:38

Health: -5/65      AC:  5    Str: 18    XL:     10   Next: 48%
Magic:  8/14       EV: 18    Int: 17    God:    Okawaru [****..]
Gold:   370        SH:  7    Dex: 16    Spells: 9/9 levels left

rFire   + . .      SeeInvis .   a - +1 broad axe
rCold   . . .      Faith    .   i - +0 buckler
rNeg    + . .      Spirit   .   (helmet restricted)
rPois   +          Reflect  .   (no amulet)
rElec   .          Harm     .   A - +4 ring of protection
rCorr   +          Rampage  .   L - ring of flight
Will    +....                   I - +6 ring of intelligence
Stlth   ++++++....              F - ring of protection from fire
HPRegen 0.20/turn               P - ring of poison resistance
MPRegen 0.14/turn               B - ring "Wytarheh" {rCorr Str+3}
                                o - ring of willpower
                                w - ring of positive energy

@: heroic, finesse-ful, flying
A: almost no armour, amphibious, 8 rings, camouflage 1, gelatinous body 1,
(nimble swimmer 1), tentacles
a: Renounce Religion, Heroism, Finesse


You were on level 8 of the Dungeon.
You worshipped Okawaru.
Okawaru was greatly pleased with you.
You visited 1 branch of the dungeon, and saw 9 of its levels.

You collected 526 gold pieces.
You spent 156 gold pieces at shops.

Inventory:

Hand Weapons
 a - a +1 broad axe (weapon)
 b - a +2 flail of holy wrath
 d - a -1 demon whip of venom
 g - a +0 war axe
 E - a +0 trident
 M - a +0 whip of freezing
 Q - a +3 whip of flaming
Missiles
 e - 105 stones (quivered)
 h - 4 silver javelins
 k - 6 javelins
 D - 11 poisoned darts
Armour
 i - a +0 buckler (worn)
 n - a +1 tower shield
Jewellery
 o - a ring of willpower (on tentacle)
 w - a ring of positive energy (on tentacle)
 z - the ring "Ydei" {rC- rN+ Dex+5 Slay+4}
   (You found it on level 6 of the Dungeon)

   [ring of slaying]

   Dex:       It affects your dexterity (+5).
   Slay:      It affects your accuracy & damage with ranged weapons and melee
   (+4).
   rC:        It makes you vulnerable to cold.
   rN:        It protects you from negative energy.
 A - a +4 ring of protection (left tentacle)
 B - the ring "Wytarheh" (on tentacle) {rCorr Str+3}
   (You bought it in a shop on level 6 of the Dungeon)

   [ring of resist corrosion]

   Str:       It affects your strength (+3).
   rCorr:     It protects you from acid and corrosion.
 F - a ring of protection from fire (on tentacle)
 I - a +6 ring of intelligence (on tentacle)
 L - a ring of flight (right tentacle)
 P - a ring of poison resistance (on tentacle)
Wands
 x - a wand of polymorph (3)
 K - a wand of digging (2)
 N - a wand of paralysis (19)
Scrolls
 j - 6 scrolls of teleportation
 l - a scroll of poison
 q - 3 scrolls of enchant weapon
 H - a scroll of magic mapping
Potions
 c - a potion of might
 f - 3 potions of haste
 m - 2 potions of lignification
 p - 4 potions of flight
 r - 2 potions of curing
 t - a potion of berserk rage {unknown}
 u - a potion of heal wounds {unknown}
 v - 2 potions of brilliance
 G - a potion of resistance {unknown}
 J - 2 potions of ambrosia {unknown}


   Skills:
 + Level 4.7(9.7) Fighting
 * Level 11.6(16.6) Axes
 + Level 4.8(9.8) Dodging
 + Level 5.6(10.6) Stealth
 * Level 5.8(10.8) Shields
 * Level 5.6 Invocations


You had 9 spell levels left.
You didn't know any spells.
Your spell library contained the following spells:

 Spells                   Type           Power      Damage    Failure   Level
 Apportation              Tloc           0%         N/A       28%         1
 Magic Dart               Conj           0%         1d3       28%         1
 Necrotize                Necr           0%         1d4       28%         1
 Searing Ray              Conj           0%         2d4       38%         2
 Fulminant Prism          Conj/Hex       0%         3d6       95%         4
 Summon Small Mammal      Summ           Unusable   N/A       N/A         1

Dungeon Overview and Level Annotations

Branches:
Dungeon (9/15)             Temple (0/1) D:4            Lair (0/6) D:8
    Orc: D:9-12

Altars:
Dithmenos
Elyvilon
Hepliaklqana
Nemelex Xobeh
Okawaru
Qazlal
Ru
Wu Jian
Yredelemnul
The Shining One

Shops:
D:3 (   D:4 (   D:6 *

Annotations:
D:4 2 transporters, PentaManta's ghost, amateur SpHu
D:8 Erica; Maggie


Innate Abilities, Weirdness & Mutations

You cannot wear most types of armour.
You are amphibious.
You can wear up to eight rings at the same time.
Your skin changes colour to match your surroundings (Stealth+).
Your rubbery body absorbs attacks. (AC +1, EV +1)
((You are camouflaged when in or above water. (Stealth+)))
You have tentacles for arms and can constrict up to eight enemies at once.


Message History

Erica flickers and vanishes!
Deactivating autopickup; reactivate with Ctrl-A.
You gain the combat prowess of a mighty hero.
You constrict the bullfrog. You block the bullfrog's attack.
The bullfrog closely misses you.
You hit the bullfrog.
The bullfrog is almost dead.
You constrict the bullfrog.
You kill the bullfrog!
Okawaru accepts your kill.
There is a stone staircase leading up here.
You see here a bullfrog corpse.
You slash something!
Your tentacle-slap misses something.
You hear a zap.
An iceblast appears from out of thin air!
The mass of ice explodes!
The iceblast engulfs you!
The iceblast engulfs something!
You hit something. Something hits you!
You hit something. Your squeeze misses something. You hit something.
You hear a zap.
An iceblast appears from out of thin air!
The mass of ice explodes!
The iceblast engulfs you!
The iceblast engulfs something!
You hit something but do no damage. Something hits you. Something burns you.
You can now deal lightning-fast blows.
You hear a zap.
An iceblast appears from out of thin air!
The mass of ice explodes!
The iceblast engulfs you!
* * * LOW HITPOINT WARNING * * *
The iceblast engulfs something!
The now-empty wand crumbles to dust.
Unknown command.
It was a potion of flight.
You feel more buoyant. Something hits you!
* * * LOW HITPOINT WARNING * * *
Something burns you.
* * * LOW HITPOINT WARNING * * *
You feel better. Something hits you!
You die...

# .# #............. #
.## #.#............. #
..# # ##.
#............. #..
.##.. #...#######...
..# ...# #...# #...
##..# #..###...# #...
### #..# #...##...#
#... ..#####.#
#.{.>#...# #...
..†.....# ##.@..#...#
#..) ######..#
#..##.#...#######...
#### ##..#
#............. ##..##
#.............
#.#..####.............
#...##..#######'######
#..#........# #..# ##
##.#######..#
##.#####. # #..#
#.......


There were no monsters in sight!

Vanquished Creatures
  Amaemon (D:8)
  Pikel (D:6)
  An orange demon (D:8)
  A hornet (D:7)
  4 yaks (D:8)
  Eustachio (D:4)
  Menkaure (D:5)
  A sky beast (D:8)
  2 orc warriors
  2 centaurs
  3 ogres (D:5)
  2 lemures (D:7)
  A necrophage (D:5)
  3 bullfrogs
  A scorpion (D:7)
  14 killer bees
  5 howler monkeys
  2 hounds
  A jelly (D:5)
  3 orc priests
  A bouda (D:6)
  6 iguanas
  6 orc wizards
  8 gnolls
  6 adders
  A white imp (D:5)
  2 worms
  3 dart slugs
  18 orcs
  9 ball pythons
  4 bats
  6 endoplasms
  6 giant cockroaches
  8 goblins
  7 hobgoblins
  2 frilled lizards (D:1)
  6 kobolds
  8 rats
157 creatures vanquished.

Vanquished Creatures (others)
  3 fungi (D:8)
  12 plants
15 creatures vanquished.

Grand Total: 172 creatures vanquished

Notes
Turn   | Place    | Note
-------+----------+-------------------------------------------
     0 | D:1      | Banquo the Octopode Fighter began the quest for the Orb.
     0 | D:1      | Reached XP level 1. HP: 16/16 MP: 1/1
   216 | D:1      | Reached XP level 2. HP: 20/21 MP: 2/2
   364 | D:1      | Reached skill level 3 in Axes
   803 | D:1      | Reached XP level 3. HP: 26/26 MP: 3/3
  1524 | D:2      | Found a faded altar of an unknown god.
  1859 | D:3      | Found Hytsaih's Antique Weapon Shop.
  2248 | D:3      | Reached skill level 4 in Axes
  2248 | D:3      | Reached XP level 4. HP: 28/31 MP: 4/4
  2888 | D:3      | Reached skill level 5 in Axes
  2888 | D:3      | Reached XP level 5. HP: 36/36 MP: 5/5
  2915 | D:3      | Found an iron altar of Okawaru.
  2926 | D:3      | Became a worshipper of Warmaster Okawaru
  3049 | D:4      | Found a shadowy altar of Dithmenos.
  3133 | D:4      | Found a staircase to the Ecumenical Temple.
  3169 | D:4      | Identified the +8 chain mail of Nafor {+Blink Dex-4 SInv}
  3190 | D:4      | Noticed PentaManta's ghost (amateur SpHu)
  3209 | D:4      | Found a transporter.
  3211 | D:4      | Found a transporter.
  3268 | D:4      | Found a stormy altar of Qazlal.
  3356 | D:4      | Found a sacrificial altar of Ru.
  3356 | D:4      | Found a hazy altar of Hepliaklqana.
  3357 | D:4      | Found a sparkling altar of Nemelex Xobeh.
  3360 | D:4      | Found a white marble altar of Elyvilon.
  3360 | D:4      | Found a basalt altar of Yredelemnul.
  3361 | D:4      | Found an ornate altar of the Wu Jian Council.
  3475 | D:4      | Noticed Eustachio
  3489 | D:5      | Entered Level 5 of the Dungeon
  3489 | D:5      | Noticed an ogre
  3499 | D:5      | Killed an ogre
  3500 | D:5      | Reached skill level 1 in Stealth
  3500 | D:5      | Reached XP level 6. HP: 25/42 MP: 6/6
  3503 | D:5      | Reached skill level 6 in Axes
  3718 | D:5      | Reached skill level 1 in Invocations
  4303 | D:4      | Found Subbacw's Weapon Shoppe.
  4321 | D:4      | Found a glowing golden altar of the Shining One.
  4411 | D:4      | Killed Eustachio
  4411 | D:4      | Reached * piety under Okawaru
  4412 | D:4      | Reached XP level 7. HP: 40/46 MP: 6/8
  4721 | D:5      | Reached skill level 7 in Axes
  5070 | D:5      | Noticed Menkaure
  5134 | D:5      | Reached ** piety under Okawaru
  5200 | D:5      | Identified the +7 chain mail of Masochism {*Slow Will+++
                  | Regen+}
  5349 | D:5      | Reached XP level 8. HP: 51/52 MP: 10/10
  5436 | D:5      | Killed Menkaure
  6220 | D:6      | Identified the ring "Ydei" {rC- rN+ Dex+5 Slay+4}
  6358 | D:6      | Reached skill level 8 in Axes
  6797 | D:6      | Found Otzueng's Assorted Antiques.
  6809 | D:6      | Bought a transparent amber ring for 130 gold pieces
  6809 | D:6      | Identified the ring "Wytarheh" {rCorr Str+3} (You bought it
                  | in a shop on level 6 of the Dungeon)
  7204 | D:6      | Bought a scroll labelled DELIECKA JIMA for 26 gold pieces
  7257 | D:7      | Noticed Pikel
  7614 | D:7      | Reached XP level 9. HP: 37/58 MP: 8/11
  7616 | D:7      | Reached skill level 9 in Axes
  7963 | D:7      | Noticed a hornet
  7973 | D:7      | Killed a hornet
  8296 | D:6      | Killed Pikel
  8296 | D:6      | Reached *** piety under Okawaru
  8572 | D:8      | Noticed Erica
  8624 | D:8      | Reached skill level 5 in Stealth
  8769 | D:8      | Reached skill level 10 in Axes
  8769 | D:8      | Reached skill level 5 in Shields
  8773 | D:8      | Reached **** piety under Okawaru
  9021 | D:8      | Found a staircase to the Lair.
  9130 | D:8      | Noticed Maggie
  9225 | D:8      | Reached skill level 5 in Invocations
  9272 | D:8      | Noticed an orange demon
  9273 | D:8      | Noticed Amaemon
  9307 | D:9      | Reached XP level 10. HP: 65/65 MP: 13/13
  9324 | D:9      | Reached skill level 11 in Axes
  9890 | D:8      | Killed Amaemon
  9890 | D:8      | Received a gift from Okawaru
  9895 | D:8      | Killed an orange demon
 10445 | D:8      | HP: 2/65 [something (2)]
 10446 | D:8      | Slain by Erica

Illustrated notes

Levels and vault maps discovered:
D:1:      ncdulo_wetmaze, layout_loops_ring
D:2:      layout_loops_corners, ebering_ecumenical_altar_rust
D:3:      layout_loops_corners, okawaru_altar_gauntlet_db, serial_shops,
          nicolae_shop_overgrown_old_shop, corexii_item_surrounded_by_moat,
          minmay_misc_feat_more_columns, grunt_ministairs_1,
          nrook_mini_backslash, minmay_cut_off
D:4:      layout_basic, lemuel_crystal_altar, nicolae_qazlal_scattered_showers,
          overflow_temple_1_default, grunt_temple_overflow_open,
          minmay_temple_entry_offerings, gammafunk_ghost_gnarly_gnolls,
          serial_shops, nicolae_shop_temple_entry_statues_fountains,
          uniq_eustachio
D:5:      layout_basic, minmay_puff, uniq_menkaure
D:6:      layout_basic, serial_shops, nicolae_shop_stone,
          roderic_nine_men_s_morris
D:7:      layout_basic, interstate_on_off, uniq_pikel
D:8:      layout_layer_cave, old_standard_altar, dpeg_oklobed_lair,
          kennysheep_path_1, uniq_maggie, uniq_amaemon, uniq_erica
D:9:      layout_cave_pools

Skill      XL: |  1  2  3  4  5  6  7  8  9 10 |
---------------+-------------------------------+-----
Axes           | 3 4 5 6 7 8 10 11 | 11.6
Stealth        | 1 2 3 4 5 |  5.6
Invocations    | 1 2 3 5 |  5.6
Shields        | 4 5 |  5.8
Dodging        | 4 |  4.8
Fighting       | 4 |  4.7

Action                   |  1- 3 |  4- 6 |  7- 9 | 10-12 || total
-------------------------+-------+-------+-------+-------++-------
Melee: War axe           |     7 |       |       |       ||     7
       Broad axe         |    52 |    74 |   158 |    60 ||   344
       Constrict         |    17 |    19 |    35 |     8 ||    79
       Tentacles         |     8 |    13 |    44 |    12 ||    77
       Punch             |       |     3 |     7 |     1 ||    11
Throw: Stone             |       |       |    10 |       ||    10
Invok: Heroism           |       |       |     7 |     3 ||    10
       Finesse           |       |       |       |     1 ||     1
  Use: Potion            |       |     1 |       |     3 ||     4
       Scroll            |       |       |    18 |       ||    18
 Stab: Sleeping          |    14 |     7 |     7 |     3 ||    31
Armor: Skin              |    16 |     6 |    24 |    10 ||    56
Dodge: Dodged            |    24 |    28 |    86 |    61 ||   199
Block: Buckler           |     2 |    15 |    40 |    25 ||    82

Table legend: (Time is in decaauts)
 A = Elapsed time spent in this place.
 B = Non-inter-level travel time spent in this place.
 C = Inter-level travel time spent in this place.
 D = Time resting spent in this place.
 E = Time spent auto-exploring this place.
 F = Levels seen in this place.
 G = Mean time per level.
                   A        B        C        D        E       F      G
               +--------+--------+--------+--------+--------+-----+--------+
         Total |  10518 |   9751 |    767 |   1378 |   5738 |   9 | 1168.7 |
       Dungeon |  10518 |   9751 |    767 |   1378 |   5738 |   9 | 1168.7 |
               +--------+--------+--------+--------+--------+-----+--------+

Top non-repeatable levels by time:
     D:5: 2027 daAuts
     D:8: 1650 daAuts
     D:6: 1523 daAuts
     D:3: 1289 daAuts
     D:7: 1183 daAuts
     D:1: 931 daAuts
     D:2: 885 daAuts
     D:4: 818 daAuts
     D:9: 209 daAuts
